 Dungeon Crawl Stone Soup version 0.30.0-5-g1a98f26d00 (webtiles) character file.

Game seed: 16767754508710741156

213 Leibowitz the Chopper (level 5, -2/45 HPs)
             Began as a Minotaur Gladiator on May 11, 2023.
             Slain by a gnoll sergeant
             ... wielding a +0 spear
              (10 damage)
             ... on level 3 of the Dungeon.
             The game lasted 00:05:29 (1758 turns).

Leibowitz the Chopper (Minotaur Gladiator)          Turns: 1758, Time: 00:05:31

Health: -2/45      AC:  6    Str: 20    XL:     5   Next: 59%
Magic:  4/4        EV: 11    Int:  5    God:
Gold:   153        SH:  0    Dex: 12    Spells: 4/4 levels left

rFire   . . .        a - +0 war axe
rCold   . . .        (no shield)
rNeg    . . .        m - +0 scale mail
rPois   .            c - +0 hat
rElec   .            (no cloak)
rCorr   .            (no gloves)
SInv    .            (no boots)
Will    .....        p - amulet of regeneration Stlth
                     (no ring)
HPRegen 1.07/turn    (no ring)
MPRegen 0.09/turn

%: no passive effects
@: no status effects
A: horns 2, retaliatory headbutt
a: no special abilities


You were on level 3 of the Dungeon.
You visited 1 branch of the dungeon, and saw 3 of its levels.

You collected 153 gold pieces.

Inventory:

Hand Weapons
 a - a +0 war axe (weapon)
Missiles
 d - 4 throwing nets (quivered)
 e - a javelin
Armour
 c - a +0 hat (worn)
 m - a +0 scale mail (worn)
Jewellery
 o - an amulet of reflection
 p - an amulet of regeneration (around neck)
Wands
 s - a wand of polymorph (13)
Scrolls
 b - a scroll of silence {unknown}
 f - 3 scrolls of poison {unknown}
 h - a scroll of summoning {unknown}
 k - 3 scrolls of identify {unknown}
 l - a scroll of enchant armour {unknown}
 n - 3 scrolls of amnesia {unknown}
 v - a scroll of teleportation {unknown}
Potions
 g - 2 potions of might {unknown}
 i - 2 potions of flight {unknown}
 j - a potion of haste {unknown}
 q - a potion of brilliance {unknown}
 r - 3 potions of lignification {unknown}
 t - a potion of experience {unknown}
 u - a potion of curing {unknown}


   Skills:
 * Level 3.6 Fighting
 * Level 5.6 Axes
 - Level 2.0 Throwing
 * Level 2.8 Armour
 * Level 4.3 Dodging


You had 4 spell levels left.
You didn't know any spells.
Your spell library contained the following spells:

 Spells                   Type           Power      Damage    Failure   Level
 Necrotise                Necr           0%         1d4       83%         1
 Blink                    Tloc           0%         N/A       92%         2
 Lesser Beckoning         Tloc           0%         N/A       92%         2
 Momentum Strike          Conj/Tloc      0%         3d8       92%         2
 Sublimation of Blood     Necr           0%         N/A       92%         2
 Wereblood                Tmut           0%         N/A       92%         2
 Vampiric Draining        Necr           0%         2d6       99%         3
 Agony                    Necr           0%         N/A       100%        5
 Summon Hydra             Summ           0%         N/A       100%        7


Dungeon Overview and Level Annotations

Branches:
Dungeon (3/15)

Altars:

Shops:
D:1 =


Innate Abilities, Weirdness & Mutations

You have a pair of horns on your head.
You reflexively headbutt those who attack you in melee.


Message History

A gnoll comes into view. It is wielding a +0 whip.
The gnoll sergeant hits you from afar with a +0 spear.
There is a stone staircase leading down, spattered with blood here.
Things that are here:
a +0 spear; a gnoll corpse You closely miss the gnoll sergeant.
You headbutt the gnoll sergeant.
The gnoll sergeant is lightly wounded.
The gnoll sergeant closely misses you.
You completely miss the gnoll sergeant.
You headbutt the gnoll sergeant, but do no damage.
The gnoll sergeant is lightly wounded.
You slash the gnoll! The gnoll hits you with a +0 club.
The gnoll sergeant hits you with a +0 spear!
The gnoll closely misses you.
The gnoll sergeant hits you with a +0 spear!
A gnoll comes into view. It is wielding a +0 club.
The gnoll sergeant barely misses you.
There is a stone staircase leading down, spattered with blood here.
Things that are here:
a +0 spear; a gnoll corpse You hit the gnoll but do no damage.
You headbutt the gnoll.
The gnoll is severely wounded.
The gnoll sergeant completely misses you.
You closely miss the gnoll.
You headbutt the gnoll, but do no damage.
You hit the gnoll. The gnoll sergeant closely misses you.
The gnoll hits you with a +0 club. The gnoll hits you with a +0 whip.
You slash the gnoll!
The gnoll is severely wounded.
You hit the gnoll.
You kill the gnoll!
The gnoll closely misses you. The gnoll sergeant barely misses you.
You slash the gnoll!
You kill the gnoll!
The gnoll sergeant hits you from afar with a +0 spear.
* * * LOW HITPOINT WARNING * * *
The gnoll hits you with a +0 club.
* * * LOW HITPOINT WARNING * * *
The gnoll sergeant hits you from afar with a +0 spear!
You die...

#......†..........
#......##.<.#.###
###.........#
..###..#########
#........#
##.###.#.#
#.......#
####.###)###
......gg@#
######.### ...
####


You could see a gnoll sergeant and a gnoll.

Vanquished Creatures
  Natasha (thrice) (D:2)
  Robin (D:2)
  3 gnolls (D:3)
  5 adders
  3 dart slugs
  A ball python (D:2)
  3 bats
  6 endoplasms
  2 giant cockroaches
  14 goblins
  4 hobgoblins
  4 kobolds
  2 quokkas
  4 frilled lizards
  6 rats
61 creatures vanquished.

Notes
Turn   | Place    | Note
-------+----------+-------------------------------------------
     0 | D:1      | Leibowitz the Minotaur Gladiator began the quest for the
                  | Orb.
     0 | D:1      | Reached XP level 1. HP: 18/18 MP: 0/0
   145 | D:1      | Reached XP level 2. HP: 22/25 MP: 1/1
   374 | D:1      | Found Xuaghuidgh's Jewellery Boutique.
   405 | D:1      | Reached skill level 4 in Axes
   756 | D:2      | Noticed Robin
   757 | D:2      | Noticed Natasha
   783 | D:1      | Reached XP level 3. HP: 25/30 MP: 2/2
   864 | D:2      | Reached skill level 1 in Armour
   989 | D:2      | Found a faded altar of an unknown god.
  1017 | D:2      | Reached XP level 4. HP: 38/38 MP: 3/3
  1046 | D:2      | Killed Natasha
  1047 | D:2      | Reached skill level 5 in Axes
  1063 | D:2      | Noticed Natasha
  1072 | D:2      | Killed Natasha
  1223 | D:2      | Killed Robin
  1267 | D:2      | Noticed Natasha
  1273 | D:2      | Killed Natasha
  1274 | D:2      | Reached XP level 5. HP: 38/45 MP: 4/4
  1758 | D:3      | Slain by a gnoll sergeant

Illustrated notes

Levels and vault maps discovered:
D:1:      minmay_arrival_split_and_join, layout_basic, serial_shops, shop
D:2:      layout_loops_cross, ebering_ecumenical_altar_rust, uniq_natasha,
          uniq_robin
D:3:      layout_basic, cheibrodos_worm_habitat, fedhas_altar_1, uniq_sigmund

Skill      XL: |  1  2  3  4 |
---------------+-------------+-----
Axes           | 4 5 |  5.6
Armour         | 1 2 |  2.8
Fighting       | 3 |  3.6
Dodging        | 4 |  4.3
Throwing       | |  2.0

Action                     |  1- 3 |  4- 6 || total
---------------------------+-------+-------++-------
  Melee: War axe           |    73 |    66 ||   139
         Headbutt          |     4 |    13 ||    17
         Punch             |     1 |     1 ||     2
 Armour: Leather armour    |    11 |       ||    11
         Scale mail        |    36 |    26 ||    62
  Dodge: Dodged            |    57 |    50 ||   107
